[Event "*** SCC Grand Prix: Titled Tuesday Blitz"]
[Site "Chess.com"]
[Date "2020.08.25"]
[Round "10"]
[White "fianchettoer"]
[Black "serena-maria"]
[Result "1-0"]
[WhiteElo "2431"]
[BlackElo "2293"]
[TimeControl "180+1"]
[EndTime "12:01:01 PDT"]
[Termination "fianchettoer won by checkmate"]

1. Nf3 Nf6 2. e3 g6 3. b3 Bg7 4. Bb2 O-O 5. d4 d5 6. Be2 b6 7. O-O Bb7 8. c4 c5 9. dxc5 bxc5 10. cxd5 Qxd5 11. Qxd5 Nxd5 12. Bxg7 Kxg7 13. Rc1 Nd7 14. Nc3 Nxc3 15. Rxc3 Rfd8 16. Rac1 f6 17. Ne1 Rac8 18. Nd3 Ba6 19. Bf1 Bxd3 20. Bxd3 Ne5 21. Ba6 Rc6 22. Bb5 Rcd6 23. Bf1 Rd2 24. R3c2 Kf7 25. h3 Rxc2 26. Rxc2 Rc8 27. f4 Nd7 28. Bc4+ e6 29. Ba6 Rc7 30.
Kf2 Ke7 31. g4 Nb6 32. Kf3 f5 33. g5 Nd5 34. a3 Rc6 35. Bc4 Kd6 36. h4 Rb6 37. h5 Rb8 38. hxg6 hxg6 39. Rh2 Rg8 40. Rh7 Ne7 41. Rf7 a5 42. Rh7 Nd5 43. Ra7 Kc6 44. Rxa5 Rh8 45. Ra6+ Nb6 46. Kg3 Kb7 47. Ra5 Kc6 48.
Bxe6 Re8 49. Bf7 Rxe3+ 50. Kf2 Re4 51. Kf3 Re1 52. Bxg6 Rf1+ 53. Kg3 Rb1 54. Bf7 Nd5 55. Bxd5+ Kxd5 56. b4 Ke4 57. Rxc5 Rb3+ 58. Kf2 Kxf4 59. g6 Rxa3 60. Rc4+ Kg5 61. g7 Ra8 62. Rc7 Kf6 63.
b5 Rb8 64. b6 Ke6 65. b7 Kf6 66. Rc8 Rxb7 67. g8=Q Rb2+ 68. Kf1 Rb3 69. Rc6+ Ke5 70.
Qxb3 Kf4 71. Rc4+ Kg5 72. Qg3+ Kf6 73. Rc6+ Ke7 74. Qc7+ Ke8 75. Rb6 f4 76. Rb8# 1-0

[Event "*** SCC Grand Prix: Titled Tuesday Blitz"]
[Site "Chess.com"]
[Date "2020.08.25"]
[Round "10"]
[White "Makswolf200817"]
[Black "Volodar_Murzin"]
[Result "0-1"]
[WhiteElo "2382"]
[BlackElo "2620"]
[TimeControl "180+1"]
[EndTime "12:01:02 PDT"]
[Termination "Volodar_Murzin won by resignation"]

1. d4 Nf6 2. c4 g6 3. Nf3 Bg7 4.
g3 O-O 5. Bg2 d6 6. O-O Nc6 7. Nc3 e5 8. dxe5 Nxe5 9. Nxe5 dxe5 10. Bg5 Qxd1 11. Raxd1 c6 12. Rd6 Ne8 13. Rd8 f6 14. Be3 Nc7 15. Rfd1 Be6 16. Rxf8+ Bxf8 17. b3 f5 18. Na4 Na6 19. Bc1 e4 20. f3 exf3 21. Bxf3 Nc5 22. Nxc5 Bxc5+ 23. Kg2 Re8 24. Bf4 Kf7 25. h4 Bc8 26. Rd3 Bb6 27. Kh3 Rd8 28.
Rxd8 Bxd8 29. Kg2 Bf6 30. e4 Be6 31. Be3 a6 32. Kf2 Ke7 33. Bf4 Kd7 34. Ke2 b5 35.
cxb5 axb5 36. Kd3 Be7 37. exf5 Bxf5+ 38. Be4 Be6 39. Be5 c5 40. h5 Bf7 41. hxg6 hxg6 42. Bf4 g5 43. Be5 Be6 44. Kc3 Bd6 45. Bxd6 Kxd6 46. Kd3 Ke5 47. Bc6 b4 48. Bb5 Bf5+ 49.
Ke3 Bb1 50. Bc4 Bxa2 51. Bf7 Bb1 52. Bc4 Be4 53. Bf7 Bd5 54. Bg6 Bxb3 55. Be8 Bd5 56. Bb5 c4 57. Ba4 c3 58. Kd3 Be4+ 59. Ke2 Kd4 60. Bd1 Bd3+ 61. Ke1 Kc4 62. Ba4 b3 63.
Kd1 b2 64. Bc2 Kd4 65. g4 Bxc2+ 66. Kxc2 Ke3 67. Kb1 Kd2 68. Ka2 Kc2 0-1

[Event "*** SCC Grand Prix: Titled Tuesday Blitz"]
[Site "Chess.com"]
[Date "2020.08.25"]
[Round "10"]
[White "mbojan"]
[Black "alexrustemov"]
[Result "1-0"]
[WhiteElo "2783"]
[BlackElo "2643"]
[TimeControl "180+1"]
[EndTime "12:01:03 PDT"]
[Termination "mbojan won on time"]

1. e4 e6 2. d4 d5 3. Nc3 Bb4 4. e5 c5 5. Bd2 Nc6 6. Nb5 Bxd2+ 7. Qxd2 Nxd4 8. Nxd4 cxd4 9. Nf3 Ne7 10. Qxd4 Qa5+ 11.
Qd2 Qxd2+ 12. Kxd2 Bd7 13. Bd3 f6 14. Rhe1 Kf7 15. Re3 Rac8 16. Rae1 Nc6 17. c3 a6 18. Bc2 h6 19. Bb3 b5 20. Bxd5 exd5 21. e6+ Bxe6 22. Rxe6 Rhd8 23. Nd4 Nxd4 24. cxd4 Rc4 25.
Kd3 Ra4 26. Re7+ Kg6 27. R1e3 Kh7 28. a3 b4 29. Ke2 bxa3 30. Rxa3 Rxa3 31. bxa3 Rc8 32.
Kd3 Rc4 33. Rd7 Ra4 34. Rxd5 Rxa3+ 35. Ke4 Ra2 36. Ke3 Kg6 37. Rd7 a5 38. Ra7 Ra1 39.
g4 a4 40. h4 a3 41. h5+ Kh7 42. Kf4 Rd1 43. Ke4 Ra1 44. f3 Kg8 45. Ra8+ Kh7 46. Ra7 Kg8 47. Ra8+ Kh7 48. Kd5 a2 49. Ra6 Kg8 50.
Ra7 Kh7 51. Ra8 Rf1 52. Rxa2 Rxf3 53. Ke6 Rf4 54. d5 Rxg4 55. d6 Re4+ 56. Kf7 Rd4 57. Ke6 Re4+ 58. Kd5 Re5+ 59. Kc6 Re1 60. Rd2 Rc1+ 61. Kd5 1-0

[Event "*** SCC Grand Prix: Titled Tuesday Blitz"]
[Site "Chess.com"]
[Date "2020.08.25"]
[Round "10"]
[White "GukeshDommaraju"]
[Black "Maksimus1998"]
[Result "1/2-1/2"]
[WhiteElo "2711"]
[BlackElo "2605"]
[TimeControl "180+1"]
[EndTime "12:01:04 PDT"]
[Termination "Game drawn by repetition"]

1. e4 c5 2. f4 d6 3. Nf3 Nc6 4. Nc3 Nd4 5. d3 g6 6. Be2 Bg7 7. O-O e6 8. Kh1 Ne7 9. Be3 O-O 10. Qd2 b6 11. Nd1 Bb7 12. c3 Nxe2 13. Qxe2 Qd7 14. Nf2 d5 15. e5 d4 16. cxd4 cxd4 17. Nxd4 Nd5 18. Nf3 Rfd8 19. Rad1 Qa4 20. Ne4 Nxe3 21. Qxe3 Bxe4 22. Qxe4 Qxa2 23. b4 Qd5 24. Qe3 a5 25. bxa5 bxa5 26. Ng5 Qd4 27. Qh3 h6 28. Ne4 a4 29.
Nd6 a3 30. Qf3 a2 31. Ra1 Ra3 32. Nb5 Qa4 33. Nxa3 Qxa3 34. Qe2 Ra8 35. h3 Bf8 36. Rf2 Bc5 37. Rxa2 Qc1+ 38. Kh2 Rxa2 39. Qxa2 Bxf2 40. Qxf2 h5 41. d4 Qd1 42. g3 Qd3 43. Kg2 Qe4+ 44. Kg1 Qb1+ 45. Kh2 Qe4 46. g4 hxg4 47. hxg4 Qd3 48. Kg2 Qe4+ 49. Kg3 Qd3+ 50. Kh4 Kg7 51. Kg5 Qa3 52. f5 gxf5 53. gxf5 exf5 54. Qxf5 Qg3+ 55. Qg4 Qe3+ 56. Kf5+ Kf8 57. Qf4 Qd3+ 58. Qe4 Qh3+ 59. Qg4 Qd3+ 60. Kg5 Qg6+ 61. Kh4 Qh6+ 62.
Kg3 Qe3+ 63. Kg2 Qd2+ 64. Kh3 Qe3+ 65. Kh4 Qh6+ 66. Qh5 Qf4+ 67. Qg4 Qh6+ 1/2-1/2

[Event "*** SCC Grand Prix: Titled Tuesday Blitz"]
[Site "Chess.com"]
[Date "2020.08.25"]
[Round "10"]
[White "olksuna"]
[Black "Saxar85"]
[Result "1-0"]
[WhiteElo "2654"]
[BlackElo "2757"]
[TimeControl "180+1"]
[EndTime "12:01:07 PDT"]
[Termination "olksuna won on time"]

1. Nf3 Nf6 2. g3 g6 3. b4 Bg7 4.
Bb2 O-O 5. Bg2 d6 6. O-O e5 7. d3 a5 8. b5 Nbd7 9. c4 Re8 10. e4 Nc5 11. Nc3 h6 12. h3 c6 13. a4 Ne6 14.
Re1 Nh7 15. Rb1 Nhg5 16. Nxg5 hxg5 17. Ne2 Nc5 18. Qc2 g4 19. h4 Be6 20. Rbd1 cxb5 21.
axb5 Rc8 22. Ba3 b6 23. Nc3 Bh6 24. Na4 Qc7 25. Bxc5 dxc5 26. Nc3 Qd6 27. Nd5 Kg7 28. Re2 Rf8 29. Rde1 f5 30. exf5 gxf5 31. Rxe5 Rce8 32. Qe2 Kf7 33. Nc7 Qxc7 34. Rxe6 Rxe6 35. Qxe6+ Kg7 36.
Bd5 Bd2 37. Re2 Bc3 38. h5 Rf6 39. Qg8+ Kh6 40. Re8 Bd4 41. Kg2 Qh7 42. Qxh7+ Kxh7 43. Re7+ Kh6 44. f4 gxf3+ 45. Kxf3 Bb2 46. Kf4 a4 47.
Ra7 a3 48. g4 fxg4+ 49. Kxg4 Rd6 50. Be4 Bg7 51. Rxa3 Rf6 52. Ra7 Rd6 53. Rb7 Rf6 54. Rc7 Rd6 55. Rc6 Be5 56. Rxd6+ Bxd6 57. Kf5 Bg3 58. Bf3 Be1 59. Ke6 Ba5 60. d4 cxd4 61.
Kd6 d3 62. Kc6 d2 63. c5 bxc5 64. Kxc5 Bd8 65. Bd1 1-0

[Event "*** SCC Grand Prix: Titled Tuesday Blitz"]
[Site "Chess.com"]
[Date "2020.08.25"]
[Round "10"]
[White "korbul"]
[Black "Djager97"]
[Result "0-1"]
[WhiteElo "2535"]
[BlackElo "2453"]
[TimeControl "180+1"]
[EndTime "12:01:07 PDT"]
[Termination "Djager97 won by resignation"]

1. e4 e6 2. d4 d5 3. Nc3 Nf6 4. e5 Nfd7 5. f4 c5 6. Nf3 Nc6 7. Be3 cxd4 8. Nxd4 Bc5 9. Qd2 O-O 10. Be2 a6 11. a3 Nxd4 12. Bxd4 b5 13. O-O Qb6 14.
Rad1 Bb7 15. Kh1 Bxd4 16. Qxd4 Qxd4 17. Rxd4 Rfc8 18. h4 Bc6 19. Kh2 Rab8 20. g4 a5 21.
h5 b4 22. axb4 axb4 23. Nd1 Bb5 24. Rd2 Bxe2 25. Rxe2 Nc5 26. Nf2 Na4 27. b3 Nc3 28. Rd2 Nb5 29. Nd3 Na3 30. Rff2 Nb1 31. Rd1 Nc3 32. Rg1 Ne4 33. Re2 Nc5 34. Nf2 Ra8 35.
f5 Ra2 36. Rg3 h6 37. Kh3 Ne4 38. Nxe4 dxe4 39. Rge3 Rcxc2 40. Rxc2 Rxc2 41. Rxe4 Rc3+ 42. Kh4 Rxb3 43. Rc4 exf5 44. gxf5 Re3 45. Rc8+ Kh7 46. e6 fxe6 47. fxe6 Rxe6 48. Rb8 Re4+ 49. Kh3 Rd4 50. Kg3 Rc4 51. Kh3 Rc3+ 52. Kg4 b3 53. Kh4 g5+ 54. Kg4 Kg7 55. Rb6 Rd3 56. Kf5 Rd5+ 57.
Kg4 Rd4+ 58. Kg3 Rh4 59. Rb7+ Kg8 60. Rb8+ Kg7 61. Rb7+ Kf6 62. Rb6+ Kf5 63. Rxh6 Rb4 64. Rh8 b2 65. Rf8+ Ke6 66. h6 b1=Q 67. Re8+ Kf7 68. Re3 Qg6 69. Rf3+ Kg8 0-1

[Event "*** SCC Grand Prix: Titled Tuesday Blitz"]
[Site "Chess.com"]
[Date "2020.08.25"]
[Round "10"]
[White "zmeeed67"]
[Black "parintele_chess"]
[Result "1-0"]
[WhiteElo "2401"]
[BlackElo "2148"]
[TimeControl "180+1"]
[EndTime "12:01:07 PDT"]
[Termination "zmeeed67 won by resignation"]

1. e4 c5 2. g3 e5 3. Bg2 g6 4. Nc3 Bg7 5. Nge2 Ne7 6. O-O O-O 7. d3 f5 8. f4 d6 9. Bd2 Nbc6 10. h3 Be6 11.
Kh2 Nd4 12. Nxd4 cxd4 13. Ne2 d5 14. exf5 Nxf5 15. fxe5 Bxe5 16. Bf4 Ne3 17. Bxe3 dxe3 18. d4 Bc7 19. Qd3 Qg5 20. c3 Bf5 21. Bxd5+ Kh8 22.
Be4 Be6 23. Bg2 Qh6 24. Rxf8+ Rxf8 25. Rf1 Bf5 26. Qc4 Qh5 27. Nf4 Bxf4 28. Rxf4 e2 29. g4 Qg5 30. Rxf5 gxf5 31. Qxe2 fxg4 32. hxg4 Qf4+ 33.
Kg1 Qc1+ 34. Kh2 Qh6+ 35. Bh3 Qf4+ 36. Kg2 Qc1 37. g5 Qf4 38. Qe5+ Qxe5 39. dxe5 Re8 40. e6 Kg7 41. Kf3 Kg6 42. Kf4 Rf8+ 43. Ke5 Kxg5 44. e7 Re8 45. Kd6 Kf6 46. Bd7 Rxe7 47.
Bg4 Re2 48. Bxe2 Kf5 49. Bf3 b6 50. Bh1 Kf4 51. Kc7 h5 52. Kb7 a5 53. Kxb6 a4 54. c4 a3 55. bxa3 h4 56. c5 h3 57. c6 Kg3 58. c7 Kh2 59. Bd5 Kg3 60. c8=Q h2 61. Qb7 1-0

[Event "*** SCC Grand Prix: Titled Tuesday Blitz"]
[Site "Chess.com"]
[Date "2020.08.25"]
[Round "10"]
[White "FairChess_on_YouTube"]
[Black "Vuk2000"]
[Result "1/2-1/2"]
[WhiteElo "2978"]
[BlackElo "2747"]
[TimeControl "180+1"]
[EndTime "12:01:08 PDT"]
[Termination "Game drawn by repetition"]

1. d4 Nf6 2. c4 e6 3. Nf3 b6 4. e3 Bb7 5. Bd3 d5 6. O-O Be7 7. Nc3 O-O 8. Qe2 c5 9. cxd5 cxd4 10. exd4 Bxd5 11. Nxd5 Qxd5 12. Bg5 Nc6 13. Rfd1 Rac8 14. a3 Rfd8 15. Ba6 Rc7 16. Rac1 h6 17. Bh4 Bd6 18.
Bxf6 gxf6 19. Qe3 Kg7 20. g3 Ne7 21. Rxc7 Bxc7 22. Bd3 Nf5 23. Bxf5 Qxf5 24. Qc3 Bd6 25. Rc1 Qd5 26. Qc6 Qb3 27. Qc3 Qd5 28. Qe3 Rd7 29.
h4 f5 30. Re1 Rc7 31. Qe2 Qc4 32. Qxc4 Rxc4 33. Kf1 Rc2 34. Re2 Rc1+ 35. Re1 Rc2 36. Re2 Rc1+ 37. Kg2 Kf6 38. Rd2 b5 39. Ne1 Rc4 40.
Nc2 a5 41. Ne3 Rc1 42. Kf3 a4 43. Nd1 b4 44. axb4 Bxb4 45. Rd3 Rc2 46. Kg2 Ke7 47. Kf1 f6 48. d5 e5 49. d6+ Bxd6 50. Ne3 Rc1+ 51.
Ke2 Ke6 52. Nxf5 Rc2+ 53. Kf3 Kxf5 54. Rxd6 Rxb2 55. g4+ Kg6 56. Ra6 Rb3+ 57. Kg2 Rb4 58. Kg3 Rb3+ 59. Kg2 a3 60. f3 Rc3 61. Ra7 Rb3 62.
Kg3 h5 63. Ra6 hxg4 64. Kxg4 Rb4+ 65. Kg3 Rb3 66. Kg4 Rb4+ 67. Kg3 Rb3 68. Kg4 1/2-1/2

[Event "*** SCC Grand Prix: Titled Tuesday Blitz"]
[Site "Chess.com"]
[Date "2020.08.25"]
[Round "10"]
[White "kobemagic"]
[Black "winniethepooh04"]
[Result "0-1"]
[WhiteElo "2389"]
[BlackElo "2232"]
[TimeControl "180+1"]
[EndTime "12:01:08 PDT"]
[Termination "winniethepooh04 won on time"]

1. c4 e5 2. g3 g6 3. d4 Bg7 4. dxe5 Bxe5 5. Nf3 Bg7 6. Bg2 Nf6 7. O-O O-O 8. Nc3 d6 9. b3 Nc6 10. Bb2 Bg4 11. h3 Bxf3 12. Bxf3 Qd7 13. Bg2 a6 14.
Qc2 Rab8 15. Nd5 Nxd5 16. cxd5 Nd4 17. Bxd4 Bxd4 18. Rac1 Bg7 19. Qxc7 Qxc7 20. Rxc7 Be5 21. Rfc1 Bd4 22. e3 Bc5 23. Rc4 b5 24. Rc2 a5 25. e4 f6 26. h4 Rf7 27. Rxf7 Kxf7 28.
Kf1 a4 29. Ke2 axb3 30. axb3 b4 31. Ra2 f5 32. Kd3 Kf6 33. f4 Rc8 34. Ra6 fxe4+ 35.
Bxe4 Ke7 36. g4 Bf2 37. h5 Rc3+ 38. Ke2 Be3 39. hxg6 hxg6 40. Bxg6 Bxf4 41. Bd3 Rxb3 42. Rb6 Be5 43. g5 Rb2+ 44. Kf3 Rf2+ 45. Kg4 Rd2 46.
Rb7+ Kf8 47. Be4 Rf2 48. Bf5 Rf4+ 49. Kh5 Rxf5 50. Rxb4 Kg7 51. Rb7+ Rf7 52. Rb8 Bf4 53. Rb4 Bg3 54. Rg4 Be5 55. Rb4 Rc7 56. Ra4 Rc5 57. Ra7+ Kg8 58. Ra8+ Kf7 59. Ra7+ Kf8 60. Ra8+ Ke7 61.
Ra7+ Kd8 62. g6 Rxd5 63. Kh6 Bf4+ 64. Kh7 Rh5+ 65. Kg8 Be5 66. Kf7 Rg5 0-1

[Event "*** SCC Grand Prix: Titled Tuesday Blitz"]
[Site "Chess.com"]
[Date "2020.08.25"]
[Round "10"]
[White "Alexander_Zubov"]
[Black "XDPS"]
[Result "1-0"]
[WhiteElo "2948"]
[BlackElo "2737"]
[TimeControl "180+1"]
[EndTime "12:01:10 PDT"]
[Termination "Alexander_Zubov won on time"]

1. d4 d5 2. c4 c6 3. Nf3 Nf6 4. Qb3 dxc4 5. Qxc4 Bf5 6. g3 e6 7. Bg2 Be7 8. O-O O-O 9. Nc3 Nbd7 10. Qb3 Qb6 11. Nd2 e5 12. d5 cxd5 13. Nxd5 Nxd5 14. Bxd5 Rab8 15. Nc4 Qxb3 16. axb3 a6 17. Na5 Nc5 18.
Be3 Rfd8 19. Rfd1 Bc2 20. Rd2 Be4 21. Rad1 Bxd5 22. Rxd5 Ne6 23. Rd7 Kf8 24. Bb6 Rxd7 25. Rxd7 Bd8 26. Ba7 Rc8 27. Nxb7 Be7 28. Na5 Ke8 29.
Rd5 Rc2 30. Rxe5 Rxb2 31. Re4 Rb1+ 32. Kg2 Bd8 33. b4 Kd7 34. Nc4 Be7 35. Ne5+ Ke8 36. Nc6 Bd6 37. Rc4 Kd7 38. e4 f6 39. Bb6 Rb2 40. h4 h5 41. Ba5 g5 42. hxg5 fxg5 43.
e5 Bf8 44. Nb8+ Ke8 45. Nxa6 h4 46. gxh4 gxh4 47. Rxh4 Be7 48. Rg4 Re2 49. Nc7+ Nxc7 50. Bxc7 Rb2 51. Bd6 Bxd6 52. exd6 Kd7 53. Rd4 Rb3 54.
f4 Rb1 55. Kf3 Rf1+ 56. Kg4 Rg1+ 57. Kf5 Rf1 58. Kf6 Rf3 59. f5 Rf1 60. Kg6 Rg1+ 61. Kf7 Rf1 62. f6 Rg1 63. Kf8 Rg6 64. f7 Rg1 65. b5 Rg5 66. b6 Rb5 67. Kg7 Rg5+ 68. Kf6 Rg1 69. Rf4 1-0

[Event "*** SCC Grand Prix: Titled Tuesday Blitz"]
[Site "Chess.com"]
[Date "2020.08.25"]
[Round "10"]
[White "anon481216"]
[Black "KarpovVadim"]
[Result "1-0"]
[WhiteElo "2436"]
[BlackElo "2315"]
[TimeControl "180+1"]
[EndTime "12:01:11 PDT"]
[Termination "anon481216 won on time"]

1. d4 Nf6 2. c4 e6 3. Nf3 Bb4+ 4. Bd2 Qe7 5. g3 Nc6 6. Nc3 a5 7. Bg2 O-O 8. O-O d6 9. d5 Nb8 10. a3 Bc5 11. e4 e5 12. Ne1 Na6 13. Nd3 Bd4 14.
b4 axb4 15. axb4 Bg4 16. Qb3 h6 17. h3 Bd7 18. Kh2 Nh7 19. Rae1 Rae8 20. Nb5 Bxb5 21. cxb5 Nb8 22. f4 Nd7 23. f5 Nb6 24. Nf2 Ra8 25.
Ng4 Nf6 26. Nxf6+ Qxf6 27. Rc1 Rfc8 28. Rc2 Nd7 29. Rfc1 Bb6 30. Be3 Qd8 31. Bxb6 cxb6 32. Bf3 Nf6 33. Kg2 Kf8 34. Rxc8 Rxc8 35. Rc4 Ke7 36. Qc3 Rxc4 37. Qxc4 Ne8 38. Kf2 Qc7 39. Qxc7+ Nxc7 40. Be2 Kf6 41. h4 g6 42. fxg6 fxg6 43. Ke3 g5 44. hxg5+ Kxg5 45. Kf2 Ne8 46. Kf3 Nf6 47.
Bf1 h5 48. Bh3 h4 49. gxh4+ Kxh4 50. Bc8 Nh7 51. Bxb7 Ng5+ 52. Ke3 Kg3 53. Bc8 Nf3 54.
Bd7 Nh4 55. Be6 Ng2+ 56. Ke2 Kf4 57. Bf5 Ne3 58. Bh7 Nc2 59. Kd3 Nd4 60. Kc4 Ne2 61. Kd3 Ng1 62. Bg6 Nf3 63. Bh7 Ne1+ 64. Ke2 Nf3 65.
Kd3 Ng5 66. Bf5 Nh3 67. Bxh3 1-0

[Event "*** SCC Grand Prix: Titled Tuesday Blitz"]
[Site "Chess.com"]
[Date "2020.08.25"]
[Round "10"]
[White "jamalm2"]
[Black "Speshka"]
[Result "0-1"]
[WhiteElo "1947"]
[BlackElo "2223"]
[TimeControl "180+1"]
[EndTime "12:01:11 PDT"]
[Termination "Speshka won on time"]

1. Nf3 e6 2. e3 f5 3. c4 Nf6 4. b3 d6 5. Bb2 Be7 6. d4 O-O 7. Be2 Qe8 8. Nbd2 Nbd7 9. O-O Qg6 10. Bd3 Ne4 11. Qc2 Ndf6 12. d5 e5 13. g3 Nxd2 14. Nxd2 e4 15. Be2 Ng4 16. Qc3 Ne5 17. f4 exf3 18. Nxf3 Bf6 19. Qd2 Nxf3+ 20. Bxf3 Bd7 21. Bxf6 Qxf6 22. Bg2 Rae8 23. Rae1 Qg5 24. Rf4 Re5 25. e4 Rfe8 26. Ref1 fxe4 27. Bxe4 Bh3 28. Bg2 Bxg2 29. Qxg2 h6 30. Qf3 Re3 31. Rf8+ Rxf8 32. Qxf8+ Kh7 33.
Rf2 Re1+ 34. Kg2 Qe5 35. Qf5+ Qxf5 36. Rxf5 Kg6 37. Rf2 a5 38. h4 a4 39. g4 axb3 40. axb3 Re3 41. Rf3 Re4 42. Kg3 b5 43. h5+ Kh7 44.
cxb5 Rd4 45. Rc3 Rxd5 46. Rxc7 Rxb5 47. Rc3 d5 48. Kf4 d4 49. Rd3 Rb4 50. Ke4 g6 51. hxg6+ Kxg6 52. Rxd4 Rxb3 53. Kf4 Rb1 54. Rd6+ Kg7 55.
g5 Rb4+ 0-1

[Event "*** SCC Grand Prix: Titled Tuesday Blitz"]
[Site "Chess.com"]
[Date "2020.08.25"]
[Round "10"]
[White "Miss_JJ20"]
[Black "Vesper2018"]
[Result "0-1"]
[WhiteElo "2434"]
[BlackElo "2591"]
[TimeControl "180+1"]
[EndTime "12:01:12 PDT"]
[Termination "Vesper2018 won on time"]

1. d4 Nf6 2. c4 g6 3. g3 Bg7 4. Bg2 O-O 5. Nc3 d6 6. Nf3 Nc6 7. O-O a6 8. b3 Rb8 9. Nd5 Nh5 10.
Bg5 h6 11. Be3 f5 12. h4 e6 13. Nf4 Nxf4 14. Bxf4 e5 15. Bc1 e4 16. Ne1 Nxd4 17. Rb1 Ne6 18. Nc2 g5 19. hxg5 hxg5 20. e3 g4 21. Nd4 Ng5 22. Re1 Nf3+ 23. Nxf3 gxf3 24. Bf1 Qg5 25. Qd5+ Kh7 26. Bh3 Be5 27. Kh2 Kg6 28. Rh1 Rh8 29. Kg1 Bd7 30. Bb2 Rhe8 31. Bxe5 Rxe5 32.
Qd4 Qf6 33. Rc1 b6 34. b4 c5 35. Qd2 Kg7 36. Rd1 Ba4 37. Qxd6 Qxd6 38. Rxd6 cxb4 39. Bf1 Be8 40. Rdh6 Bg6 41. g4 fxg4 42. R6h4 Rg5 43. Kh2 g3+ 44. fxg3 Rd8 45. g4 Rd2+ 46. Kg3 Re5 47.
Kf4 Rc5 48. Rh8 Rc7 49. Rb8 Rf7+ 50. Kg3 f2 51. Rhh8 Rd1 52. Kg2 Kf6 53. Rxb6+ Kg5 54. Rg8 Rf6 55. Rxf6 Kxf6 56. c5 Rc1 57. Kxf2 Rxc5 58.
Bxa6 Rc2+ 59. Kg3 Rxa2 60. Bc4 Rc2 61. g5+ Kf5 62. Bb3 Rc3 63. Rf8+ Kxg5 64. Bd5 Rxe3+ 65. Kf2 Rd3 66. Rd8 Bf7 0-1

[Event "*** SCC Grand Prix: Titled Tuesday Blitz"]
[Site "Chess.com"]
[Date "2020.08.25"]
[Round "10"]
[White "Annagozel"]
[Black "SanchezKelvin"]
[Result "0-1"]
[WhiteElo "1846"]
[BlackElo "2389"]
[TimeControl "180+1"]
[EndTime "12:01:13 PDT"]
[Termination "SanchezKelvin won on time"]

1. e4 e5 2. Nf3 Nc6 3. Bc4 Bc5 4. Nc3 Nf6 5. d3 h6 6. O-O d6 7. h3 Be6 8. Bb3 Qd7 9. Bxe6 fxe6 10. Be3 Bb6 11.
Bxb6 axb6 12. d4 exd4 13. Nxd4 O-O 14. Nxc6 bxc6 15. e5 Nd5 16. Nxd5 cxd5 17. exd6 Qxd6 18. Qe2 e5 19. Rfe1 Rae8 20. Rad1 c6 21. c4 d4 22. Qe4 Re6 23. b3 Rf4 24. Qe2 e4 25. Qh5 Ref6 26.
Rf1 c5 27. Qd5+ Qxd5 28. cxd5 Rd6 29. b4 Rxd5 30. bxc5 bxc5 31. a4 Rf6 32. Rfe1 Ra6 33. Rxe4 Rxa4 34. Re8+ Kh7 35. Rc8 c4 36. Kf1 d3 37. Ke1 Rd4 38. Kd2 Ra2+ 39. Ke3 Rh4 40. Rd2 Rxd2 41. Kxd2 Re4 42. Kc3 Kg6 43. Rc5 Re2 44.
Rxc4 Rxf2 45. Kxd3 Rxg2 46. h4 Kh5 47. Ke3 Rg4 48. Rc1 Kxh4 49. Rh1+ Kg5 50. Kf3 h5 51. Rh3 h4 52. Rh1 Rg3+ 53. Kf2 Kg4 54. Re1 g5 55. Re4+ Kh3 56. Re1 Rg2+ 57. Kf3 g4+ 58. Kf4 Rf2+ 59. Ke3 g3 60. Rh1+ Kg4 61. Re1 h3 62.
Rg1 h2 0-1

[Event "*** SCC Grand Prix: Titled Tuesday Blitz"]
[Site "Chess.com"]
[Date "2020.08.25"]
[Round "10"]
[White "cassoulet"]
[Black "VincentKeymer"]
[Result "1/2-1/2"]
[WhiteElo "2736"]
[BlackElo "2825"]
[TimeControl "180+1"]
[EndTime "12:01:14 PDT"]
[Termination "Game drawn by repetition"]

1. e4 c5 2. Nf3 d6 3. d4 cxd4 4. Nxd4 Nf6 5. Nc3 a6 6. g3 e5 7.
Nde2 Be7 8. Bg2 b5 9. O-O Bb7 10. h3 Nbd7 11. g4 Nb6 12. Ng3 g6 13. g5 Nfd7 14.
h4 h6 15. gxh6 Bxh4 16. Qxd6 Bg5 17. Nd5 Bxd5 18. exd5 Be7 19. Qc6 Rc8 20. Qb7 Nc5 21. Qa7 Ra8 22. Qxa8 Qxa8 23. d6 Qc8 24. dxe7 Kxe7 25.
Bg5+ f6 26. Bd2 Nc4 27. Bb4 a5 28. Bxc5+ Qxc5 29. Ne4 Qc7 30. Nc3 Nb6 31. Nxb5 Qc4 32. a4 Rxh6 33. Rfd1 Rh5 34. b3 Qg4 35. Rd3 e4 36.
Rg3 Qf4 37. Re1 f5 38. Rxg6 Nd5 39. Nd4 Qh2+ 40. Kf1 Nf4 41. Rg7+ Kf8 42. Rg3 Rh3 43. Rg5 Rh5 44. Rg3 Qh4 45. Ne2 Nxg2 46. Rxg2 f4 47. Ng1 f3 48. Rg3 Qf4 49. Re3 Rh1 50. Ke1 Kf7 51. Kd2 Kf6 52. Nxf3 Qd6+ 53. Kc3 Qb4+ 54. Kb2 exf3 55. Rgxf3+ Kg5 56. Rg3+ Kh6 57. Re6+ Kh7 58. c3 Qf4 59. Re7+ Kh6 60. Re6+ Kh5 61. Rge3 Qxf2+ 62. Re2 Qf1 63. R6e5+ Kg4 64. R5e4+ Kg3 65. R4e3+ Kf4 66.
Re4+ Kg5 67. Re5+ Kg6 68. Re6+ Kf7 69. Re7+ Kf8 70. Re8+ Kg7 71. R8e7+ Kg6 72. R7e6+ Kg5 73. R6e5+ Kg4 74. R5e4+ Kg3 75. R4e3+ Kh4 76. Re4+ Kh5 77. Re5+ Kh6 78. Re6+ Kg5 79. R6e5+ 1/2-1/2

[Event "*** SCC Grand Prix: Titled Tuesday Blitz"]
[Site "Chess.com"]
[Date "2020.08.25"]
[Round "10"]
[White "Region_07"]
[Black "pastouche06"]
[Result "0-1"]
[WhiteElo "2382"]
[BlackElo "2517"]
[TimeControl "180+1"]
[EndTime "12:01:17 PDT"]
[Termination "pastouche06 won by checkmate"]

1. e4 c6 2. d4 d5 3. exd5 cxd5 4. Bd3 Nc6 5. c3 Qc7 6. Nf3 Bg4 7. h3 Bh5 8. O-O e6 9. Re1 Nf6 10. Nbd2 Bd6 11. a4 O-O 12. Qe2 Bh2+ 13. Kh1 Bf4 14.
Nf1 Rfe8 15. Bxf4 Qxf4 16. N1d2 e5 17. dxe5 Nxe5 18. Qe3 Qxe3 19. Rxe3 Nxd3 20. Rxd3 Re2 21. Kg1 Rae8 22. Nd4 Re1+ 23. Rxe1 Rxe1+ 24. Nf1 Kf8 25. g4 Bg6 26. Re3 Rb1 27. b4 h5 28. f3 hxg4 29.
hxg4 a6 30. Kf2 Nd7 31. a5 Rc1 32. Nd2 b6 33. N2b3 Rb1 34. Re1 Rxe1 35. Kxe1 Ke7 36. axb6 Nxb6 37. Nc5 Kd6 38. Nxa6 Ke5 39. Kf2 Na4 40. Nc5 Nxc3 41. Ndb3 Kd6 42. Nb7+ Kc7 43. N7c5 Na2 44. b5 Nc3 45. Nd4 Kb6 46. Nd7+ Kc7 47.
Ne5 Kb6 48. Nxg6 fxg6 49. Ne6 Nxb5 50. Ke3 Kc6 51. Nxg7 Kc5 52. Kd3 Nc7 53. f4 Kd6 54. g5 Ne6 55. Nxe6 Kxe6 56. Kd4 Kf5 57. Kxd5 Kxf4 58. Kd4 Kxg5 59. Ke3 Kg4 60. Kf2 Kh3 61. Kg1 g5 62. Kh1 Kg3 63. Kg1 g4 64. Kh1 Kf3 65. Kh2 Kf2 66. Kh1 Kf3 67. Kh2 g3+ 68.
Kg1 g2 69. Kh2 Kf2 70. Kh3 g1=Q 71. Kh4 Qg6 72. Kh3 Qh5# 0-1

[Event "*** SCC Grand Prix: Titled Tuesday Blitz"]
[Site "Chess.com"]
[Date "2020.08.25"]
[Round "10"]
[White "VMikhalevski"]
[Black "Anton_Demchenko"]
[Result "0-1"]
[WhiteElo "2731"]
[BlackElo "2859"]
[TimeControl "180+1"]
[EndTime "12:01:18 PDT"]
[Termination "Anton_Demchenko won on time"]

1. d4 Nf6 2. c4 g6 3. Nc3 Bg7 4.
e4 O-O 5. Be2 d6 6. Nf3 Nbd7 7.
O-O e5 8. Re1 exd4 9. Nxd4 Re8 10.
Bf1 c6 11. f3 a5 12. Bg5 Nc5 13. Qd2 a4 14. Rab1 Qa5 15. Red1 Nfxe4 16. Nxe4 Nxe4 17.
Qxa5 Rxa5 18. Bf4 Be5 19. Bxe5 dxe5 20. Nxc6 bxc6 21. fxe4 Kf8 22. Rd6 c5 23. Rbd1 Be6 24.
Rb6 Raa8 25. Rdd6 Ke7 26. Rdc6 Rec8 27. Rb7+ Kd8 28. Rcb6 Rc7 29. Rd6+ Kc8 30. Rbb6 Rb8 31. b3 axb3 32. axb3 Rxb6 33. Rxb6 Rb7 34. Rc6+ Rc7 35. Rb6 Bd7 36. Rd6 Rc6 37. Rd3 f6 38. Kf2 Kc7 39. Ke3 Be6 40. Be2 Ra6 41. h4 h6 42.
g3 g5 43. Kf2 Ra3 44. Ke1 Ra1+ 45. Kf2 Ra2 46. Ke1 g4 47. Re3 Kd6 48. Rd3+ Ke7 49. Re3 Rb2 50. Bd1 h5 51. Be2 Bd7 52. Rd3 Bc6 53.
Re3 Ke6 54. Kd1 Ra2 55. Kc1 f5 56. exf5+ Kxf5 57. Kb1 Ra7 58. Kb2 e4 59. Kc3 Ra1 60. Kd2 Ke5 61. Kc3 Rg1 62. Bd3 Rc1+ 63. Kd2 Ra1 64. Kc3 Rg1 65. Be2 Rc1+ 66. Kd2 Rb1 67. Kc3 Rg1 68. Bd3 Rg2 0-1

[Event "*** SCC Grand Prix: Titled Tuesday Blitz"]
[Site "Chess.com"]
[Date "2020.08.25"]
[Round "10"]
[White "ZverevLev"]
[Black "dopolian"]
[Result "0-1"]
[WhiteElo "2350"]
[BlackElo "2475"]
[TimeControl "180+1"]
[EndTime "12:01:18 PDT"]
[Termination "dopolian won by resignation"]

1. e4 e5 2. Nf3 Nc6 3. Bc4 Bc5 4. c3 Nf6 5. d3 O-O 6. O-O d6 7. Bb3 a6 8. Nbd2 Ne7 9. h3 Ng6 10. Re1 c6 11. Nf1 Re8 12. Ng3 d5 13. exd5 cxd5 14.
Nxe5 Bxf2+ 15. Kxf2 Nxe5 16. d4 Ng6 17. Kg1 Be6 18. Be3 b5 19. Qf3 h6 20. Rf1 Ne4 21. Nxe4 dxe4 22. Qf2 Bxb3 23. axb3 Qd5 24. Ra5 Qxb3 25.
Rfa1 b4 26. cxb4 Qxb4 27. Rxa6 Rxa6 28. Rxa6 Qb5 29. Ra7 f5 30. Qg3 Kh7 31. h4 Re7 32. Ra8 Qd5 33. h5 Qxa8 34. hxg6+ Kg8 35. Qd6 Qe8 36. d5 Rd7 37. Qc6 Rd8 38. Qxe8+ Rxe8 39. Bb6 Rb8 40. Bc7 Rxb2 41. d6 Rd2 42. Kf1 Kf8 43.
Ke1 Rd3 44. Ke2 Ke8 45. g3 Kd7 46. Ba5 Rxd6 47. Bc3 Rxg6 48. Kf2 e3+ 49. Kf3 e2 50. Be1 Re6 51. Kf4 g6 52. Kf3 h5 53. Kf4 Ke7 54. Kf3 Kf6 55. Kf2 g5 56. Kf3 g4+ 57. Kf2 Kg6 58.
Kg2 h4 59. gxh4 f4 60. Kf2 f3 61. Kg3 Kf5 62. h5 Rh6 63. Bd2 Rxh5 64. Be1 Rh1 65. Kf2 Rxe1 66. Ke3 Rf1 67. Kd4 e1=Q 68. Kc5 Rf2 69.
Kd6 Rd2+ 0-1